 Dungeon Crawl Stone Soup version 0.28.0-45-g0d030f2227 (webtiles) character file.

Game seed: 12624312492564823867

131 Faeu the Skirmisher (level 4, 0/41 HPs)
             Began as a Minotaur Fighter on Apr 3, 2022.
             Was an Initiate of Hepliaklqana.
             Succumbed to an orc wizard's poison
             ... on level 4 of the Dungeon.
             The game lasted 00:06:19 (1544 turns).

Faeu the Skirmisher (Minotaur Fighter)              Turns: 1544, Time: 00:06:20

Health: 0/41       AC:  8    Str: 23    XL:     4   Next: 91%
Magic:  3/3        EV: 10    Int:  5    God:    Hepliaklqana [......]
Gold:   46         SH:  4    Dex:  9    Spells: 3/3 levels left

rFire   . . .      SeeInvis .   h - +1 hand axe (freeze) {axe}
rCold   . . .      Faith    .   c - +0 buckler
rNeg    . . .      Spirit   .   b - +0 scale mail
rPois   .          Reflect  .   (helmet restricted)
rElec   .          Harm     .   (no cloak)
rCorr   .          Rampage  .   (no gloves)
Will    .....                   g - +0 pair of boots
Stlth   ..........              (no amulet)
HPRegen 0.13/turn               (no ring)
MPRegen 0.08/turn               (no ring)

@: lethally poisoned (0 -> -4)
A: horns 2, retaliatory headbutt
a: Renounce Religion


You were on level 4 of the Dungeon.
You worshipped Hepliaklqana.
Hepliaklqana was noncommittal.
You visited 1 branch of the dungeon, and saw 4 of its levels.

You collected 46 gold pieces.


Innate Abilities, Weirdness & Mutations

You have a pair of horns on your head.
You reflexively headbutt those who attack you in melee.


   Skills:
 + Level 4.4 Fighting
 + Level 3.3 Axes
 + Level 1.5 Throwing
 + Level 4.2 Armour
 + Level 1.6 Dodging
 + Level 4.3 Shields


You had 3 spell levels left.
You didn't know any spells.
Your spell library contained the following spells:

 Spells                   Type           Power      Damage    Failure   Level
 Dazzling Flash           Conj/Hex       0%         N/A       99%         3
 Gell's Gravitas          Tloc           0%         N/A       99%         3
 Teleport Other           Tloc           0%         N/A       99%         3
 Agony                    Necr           0%         N/A       100%        5
 Silence                  Hex/Air        0%         N/A       100%        5
 Dispersal                Tloc           0%         N/A       100%        6

Inventory:

Hand Weapons
 a - a +0 war axe {axe}
 h - a +1 hand axe of freezing (weapon) {axe}
   (You found it on level 3 of the Dungeon)
Missiles
 k - 2 boomerangs (quivered) {throwing}
Armour
 b - a +0 scale mail (worn)
 c - a +0 buckler (worn)
 g - a +0 pair of boots (worn)
   (You found it on level 1 of the Dungeon)
Scrolls
 i - a scroll of identify {unknown}
 j - a scroll of enchant armour {unknown}
Potions
 d - a potion of might
 e - a potion of brilliance {unknown}

Dungeon Overview and Level Annotations

Branches:
Dungeon (4/15)
 Temple: D:4-7

Altars:
Fedhas
Hepliaklqana

Annotations:
D:2 Sigmund

#.. #.# #.#
#...#.#
#...#S#
#...#.#
#...#.#
#.(.#@#
#...#.#
##...#{#
#....<.####..
###.#.........
# #....##...
#....# #....#
#....#


You could see an adder.


Message History

The orc wizard casts a spell at you. The magic dart hits you!
The orc hits you from afar with a +0 trident.
There is a stone staircase leading down here. 😮 HP[-13]
You take 13 damage, and now have 23/41 hp.
MASSIVE DAMAGE!! (PAUSE)
You block the orc wizard's attack. The orc barely misses you.
You slash the orc! You freeze the orc.
You kill the orc!
You closely miss the orc wizard.
The orc wizard hits you but does no damage.
You barely miss the orc wizard. Your headbutt misses the orc wizard.
The orc wizard barely misses you.
You hit the orc wizard but do no damage.
You hit the orc wizard but do no damage.
Your headbutt misses the orc wizard.
The orc wizard hits you but does no damage.
You hit the orc wizard. You freeze the orc wizard.
Your headbutt misses the orc wizard. You barely miss the orc wizard.
The orc wizard hits you with a +2 dagger of venom.
You are poisoned.
The orc wizard closely misses you. 😮 HP[-1]
You take 1 damage, and now have 22/41 hp.
You feel very sick.
The orc wizard mumbles some strange words.
The orc wizard flickers and vanishes!
Deactivating autopickup; reactivate with Ctrl-A.
There is a stone staircase leading down here. 😨 HP[-3]
You take 3 damage, and now have 19/41 hp.
You miss the orc wizard.
You feel very sick.
The orc wizard points at you and mumbles some strange words.
The magic dart hits you.
* * * LOW HITPOINT WARNING * * *
😨 HP[-4]
You take 4 damage, and now have 15/41 hp.
You completely miss the orc wizard. You headbutt the orc wizard!
You feel sick. 😨 HP[-2]
You take 2 damage, and now have 13/41 hp.
You hit something. You freeze something. You hit the orc wizard.
You freeze the orc wizard.
You feel sick. You block the orc wizard's attack. Something hits you.
* * * LOW HITPOINT WARNING * * *
😱 HP[-4]
You take 4 damage, and now have 9/41 hp.
You hit the orc wizard. You freeze the orc wizard.
You kill the orc wizard!
You hit something. You freeze something.
You feel sick.
You hear some strange, mumbled words.
You are confused. 😱 HP[-1]
You take 1 damage, and now have 8/41 hp.
You can't go up here!
You can't go up here!
Okay, then.
You can't go up here!
You feel sick. Something hits you.
* * * LOW HITPOINT WARNING * * *
You are lethally poisoned!
You climb downwards.
Reactivating autopickup.
* * * LOW HITPOINT WARNING * * *
You feel sick.
There is a stone staircase leading up here. 😱 HP[-5]
You take 5 damage, and now have 3/41 hp.
It was a potion of curing.
You feel better. Something hits you but does no damage.
You are poisoned.
Deactivating autopickup; reactivate with Ctrl-A. 😨 HP[+10]
You regained 10 hp, and now have 13/41 hp.
You feel sick.
A magic dart appears from out of thin air!
The magic dart hits you.
* * * LOW HITPOINT WARNING * * *
😱 HP[-7]
You take 7 damage, and now have 6/41 hp.
You feel better. 😨 HP[+7]
You regained 7 hp, and now have 13/41 hp.
Something hits you but does no damage.
You are poisoned.
An adder comes into view.
You feel sick.
The adder hisses angrily.
You hear some strange, mumbled words.
A puff of flame appears from out of thin air!
The puff of flame hits you!
* * * LOW HITPOINT WARNING * * *
😱 HP[-10]
You take 10 damage, and now have 3/41 hp.
MASSIVE DAMAGE!! (PAUSE)
* * * LOW HITPOINT WARNING * * *
You feel sick. 😱 HP[-2]
You take 2 damage, and now have 1/41 hp.
You die...

Skill      XL: |  1  2 |
---------------+-------+-----
Fighting       | 4 |  4.4
Axes           | 3 |  3.3
Throwing       | 1 |  1.5
Armour         | 4 |  4.2
Dodging        | 1 |  1.6
Shields        | 4 |  4.3

Action                   |  1- 3 |  4- 6 || total
-------------------------+-------+-------++-------
Melee: War axe           |    44 |     4 ||    48
       Headbutt          |     3 |     4 ||     7
       Hand axe          |       |    37 ||    37
  Use: Potion            |       |     2 ||     2
Armor: Scale mail        |    21 |    25 ||    46
Dodge: Dodged            |    23 |    17 ||    40
Block: Buckler           |     9 |     8 ||    17

Levels and vault maps discovered:
D:1:      dpeg_arrival_more_subterranean_lakeside_camping, layout_basic
D:2:      layout_basic, serial_rivers, chequers_serial_rivers_small_3,
          chequers_serial_rivers_micro_e, chequers_serial_rivers_micro_d,
          chequers_serial_rivers_room_b, chequers_serial_rivers_small_b,
          chequers_serial_rivers_room_a, minmay_diced_spiral, uniq_sigmund,
          uniq_crazy_yiuf_cottage, uniq_natasha
D:3:      layout_rooms, mainiacjoe_overflow_24_doors, mainiacjoe_overflow_paths
D:4:      layout_basic, lemuel_mausoleum_altar_yredelemnul, serial_curves,
          eino_curves_03, eino_curves_02, serial_shops, shop

Notes
Turn   | Place    | Note
-------+----------+-------------------------------------------
     0 | D:1      | Faeu the Minotaur Fighter began the quest for the Orb.
     0 | D:1      | Reached XP level 1. HP: 19/19 MP: 0/0
     0 | D:1      | magus.rc [v1.9.6]
    34 | D:1      | You pick up a book of the Senses and begin reading...
    34 | D:1      | You add the spells Dazzling Flash, Agony and Silence to
                  | your library.
   191 | D:1      | Reached XP level 2. HP: 27/27 MP: 1/1
   736 | D:2      | Noticed Natasha
   742 | D:2      | Killed Natasha
   743 | D:2      | Reached skill level 4 in Fighting
   743 | D:2      | Reached skill level 3 in Axes
   743 | D:2      | Reached skill level 1 in Throwing
   743 | D:2      | Reached skill level 4 in Armour
   743 | D:2      | Reached skill level 1 in Dodging
   743 | D:2      | Reached skill level 4 in Shields
   743 | D:2      | Reached XP level 3. HP: 21/33 MP: 2/2
   867 | D:2      | Noticed Natasha
   870 | D:2      | Killed Natasha
   871 | D:2      | Reached XP level 4. HP: 40/40 MP: 3/3
   926 | D:2      | You add the spells Gell's Gravitas, Teleport Other and
                  | Dispersal to your library.
   966 | D:2      | Noticed Sigmund
  1081 | D:3      | Found a blossoming altar of Fedhas.
  1273 | D:3      | Found a hazy altar of Hepliaklqana.
  1368 | D:3      | Became a worshipper of Hepliaklqana the Forgotten
  1534 | D:3      | HP: 9/41 [something (3)]
  1536 | D:3      | HP: 4/41 [something (3)]
  1542 | D:4      | HP: 3/41 [something/puff of flame (8)]
  1543 | D:4      | HP: 1/41 [poisoned by an orc wizard]
  1544 | D:4      | Succumbed to an orc wizard's poison

Vanquished Creatures
  Natasha (twice) (D:2)
  An orc wizard (D:3)
  An adder (D:3)
  2 orcs (D:3)
  6 ball pythons
  4 bats (D:1)
  4 endoplasms
  3 giant cockroaches
  2 goblins
  4 hobgoblins
  5 jackals
  A quokka (D:3)
  A frilled lizard (D:3)
  3 kobolds
  5 rats
44 creatures vanquished.

Table legend:
 A = Non-vault XP
 B = Vault XP
 C = Vault XP percentage of total XP
 D = Non-vault monster count
 E = Vault monster count
 F = Vault count percentage of total count
                 A         B        C        D         E       F
            +---------+---------+-------+---------+---------+-------
      Total |     152 |      36 |  19.1 |      43 |       1 |   2.3
            +---------+---------+-------+---------+---------+-------
        D:1 |      37 |       0 |   0.0 |      22 |       0 |   0.0
        D:2 |      45 |      36 |  44.4 |       6 |       1 |  14.3
        D:3 |      70 |       0 |   0.0 |      15 |       0 |   0.0
            +---------+---------+-------+---------+---------+-------

Illustrated notes

Table legend:
 A = Kills in this place as a percentage of kills in entire the game.
 B = Kills by you in this place as a percentage of kills by you in the entire game.
 C = Kills by friends in this place as a percentage of kills by friends in the entire game.
 D = Other kills in this place as a percentage of other kills in the entire game.
 E = Experience gained in this place as a percentage of experience gained in the entire game.
 F = Experience gained in this place divided by the number of levels of this place that you have seen.
                   A       B       C       D       E      F
               +-------+-------+-------+-------+-------+----------------------
         Total | 100.0 | 100.0 |   N/A |   N/A | 100.0 |  47.0
       Dungeon | 100.0 | 100.0 |   N/A |   N/A | 100.0 |  47.0
               +-------+-------+-------+-------+-------+----------------------

Table legend: (Time is in decaauts)
 A = Elapsed time spent in this place.
 B = Non-inter-level travel time spent in this place.
 C = Inter-level travel time spent in this place.
 D = Time resting spent in this place.
 E = Time spent auto-exploring this place.
 F = Levels seen in this place.
 G = Mean time per level.
                   A        B        C        D        E       F      G
               +--------+--------+--------+--------+--------+-----+--------+
         Total |   1591 |   1561 |     30 |    122 |    776 |   4 |  397.8 |
       Dungeon |   1591 |   1561 |     30 |    122 |    776 |   4 |  397.8 |
               +--------+--------+--------+--------+--------+-----+--------+

Top non-repeatable levels by time:
     D:1: 905 daAuts
     D:3: 480 daAuts
     D:2: 199 daAuts
     D:4: 6 daAuts
